AoeStats
← Veni Vidi Elmo

Coastal Forest

510336384Analyzed
4v4 RM · 1d ago on Sep 30, 2026· 32m 32s· 8 players
Game mode
Random Map
Map size
Large (8 player)
Population
200
Speed
Normal
Resources
Standard
Victory
Conquest
Starting age
Dark Age
Ending age
Imperial Age
RankedLock teamsTeams togetherTeam positionsShared explorationLock speedFull tech treeHidden civsTurbo modeCheats
Victory
Defeat
🇩🇪 Georgians · Germany
1664
+9
🇷🇴 Jurchens · Romania
1663
+9
🇨🇳 Mongols · China
1538
+13
🇩🇪 Portuguese · Germany
1327
+22
1500
-14
🇦🇷 Inca · Argentina
1498
-14
🇨🇳 Danes · China
1473
-13
🇨🇳 Persians · China
1447
-12
enzoyin68
8:59 Feudal Age
8:38 Loom
9:39 Double-Bit Axe
9:37 Horse Collar
14:42 Wheelbarrow
15:08 Scale Barding Armor
16:06 Forging
22:33 Castle Age
20:40 Gold Mining
21:39 Bloodlines
21:51 Fletching
23:33 Bow Saw
23:36 Bodkin Arrow
23:42 Padded Archer Armor
23:48 Husbandry
27:55 Ballistics
29:29 Thumb Ring
29:46 Leather Archer Armor
xinyuan.zhao22
6:05 Loom
8:41 Feudal Age
9:21 Double-Bit Axe
17:42 Fletching
18:36 Padded Archer Armor
21:04 Wheelbarrow
25:29 Castle Age
26:25 Thumb Ring
26:57 Pikeman
27:50 Bow Saw
elchinaleikazo
4:56 Loom
5:21 Loom
9:46 Loom
11:32 Feudal Age
12:45 Town Watch
16:36 Castle Age
14:34 Double-Bit Axe
16:15 Scale Mail Armor
16:26 Forging
16:16 Champi Runner
17:07 Champi Warrior
23:08 Squires
23:24 Chain Mail Armor
28:44 Iron Casting
Ares_Hong Bang- Trieu Dynasty
3:38 Loom
10:13 Feudal Age
11:39 Wheelbarrow
12:35 Fishing Lines
13:36 Double-Bit Axe
18:12 Castle Age
16:23 Gold Mining
16:51 Stone Mining
16:48 Horse Collar
19:10 Medium Warships
18:21 Demolition Ship
18:29 Demolition Ship
26:23 Bow Saw
35:12 Imperial Age
schlauchnase
6:59 Loom
7:49 Loom
10:52 Feudal Age
14:38 Fletching
19:03 Double-Bit Axe
19:58 Padded Archer Armor
25:00 Wheelbarrow
26:40 Castle Age
25:12 Horse Collar
26:56 Gold Mining
26:44 Crossbowman
27:20 Bodkin Arrow
29:44 Ballistics
RoU_MaNiA
5:29 Loom
9:59 Feudal Age
11:24 Double-Bit Axe
19:51 Castle Age
17:44 Gold Mining
20:48 Bow Saw
22:59 Wheelbarrow
22:10 Town Watch
23:42 Medium Warships
26:27 Scale Barding Armor
26:09 Horse Collar
26:16 Fishing Lines
27:39 Scale Barding Armor
31:11 Imperial Age
28:52 Fletching
29:46 Padded Archer Armor
30:36 Bodkin Arrow
30:57 Leather Archer Armor
31:33 Gold Shaft Mining
30:48 Stone Mining
31:28 Scale Barding Armor
32:26 Bracer
32:56 Ring Archer Armor
牛比无极限
5:02 Loom
8:45 Feudal Age
12:45 Bloodlines
12:42 Scale Barding Armor
15:51 Double-Bit Axe
16:31 Horse Collar
19:37 Wheelbarrow
23:02 Castle Age
24:40 Bow Saw
24:33 Heavy Plow
24:50 Hand Cart
25:34 Fletching
25:44 Padded Archer Armor
27:35 Bodkin Arrow
27:55 Leather Archer Armor
28:46 Ballistics
34:52 Imperial Age
32:40 Leather Archer Armor
Veni Vidi Elmo
7:06 Loom
9:21 Feudal Age
9:48 Double-Bit Axe
11:02 Horse Collar
14:04 Scale Barding Armor
19:26 Castle Age
18:02 Forging
18:23 Bloodlines
18:31 Gold Mining
20:14 Husbandry
21:02 Bow Saw
29:18 Wheelbarrow
30:17 Stone Mining
30:32 Heavy Plow
33:12 Hand Cart
Connection lost

Rejoining the realm…

Still unreachable

The connection could not be restored.

Session expired

The server has moved on; the page needs a fresh start.